 Dungeon Crawl Stone Soup version 0.24.1-14-gf8d2b509d9 (webtiles) character file.

Game seed: 18232851890586097638, levelgen mode: deterministic

45 nightchill the Cutter (level 3, 0/24 HPs)
             Began as a Kobold Berserker on May 23, 2020.
             Was a Follower of Trog.
             Killed by divine providence
             ... invoked by an orc priest
              (16 damage)
             ... on level 2 of the Dungeon on May 24, 2020.
             The game lasted 00:04:06 (2066 turns).

nightchill the Cutter (Kobold Berserker)            Turns: 2066, Time: 00:04:07

Health: 0/24       AC:  5    Str: 15    XL:     3   Next: 90%
Magic:  3/3        EV: 14    Int:  8    God:    Trog [*.....]
Gold:   58         SH:  0    Dex: 14    Spells: 2/2 levels left

rFire    . . .     SeeInvis .   a - +0 short sword
rCold    . . .     Gourm    .   (shield restricted)
rNeg     . . .     Faith    .   o - +0 ring mail
rPois    .         Spirit   .   (no helmet)
rElec    .         Reflect  .   (no cloak)
rCorr    .         Harm     .   (no gloves)
MR       .....                  (no boots)
Stlth    +.........             (no amulet)
HPRegen  0.08/turn              (no ring)
MPRegen  0.08/turn              (no ring)

@: no status effects
A: small, carnivore
a: Berserk, Renounce Religion


You were on level 2 of the Dungeon.
You worshipped Trog.
Trog was aware of your devotion.
You were completely stuffed.

You visited 1 branch of the dungeon, and saw 3 of its levels.

You collected 58 gold pieces.

Inventory:

Hand Weapons
 a - a +0 short sword (weapon)
 i - a +2 whip of electrocution
Missiles
 d - 5 stones (quivered)
 h - 3 sling bullets
Armour
 b - a +0 animal skin
 l - a +0 leather armour
 o - a +0 ring mail (worn)
Jewellery
 k - an uncursed ring of see invisible {unknown}
 s - an uncursed amulet of magic regeneration {unknown}
Scrolls
 f - 2 scrolls of enchant weapon {unknown}
 g - a scroll of remove curse {unknown}
 m - 4 scrolls of identify {unknown}
 n - 2 scrolls of teleportation {unknown}
 p - a scroll of fear {unknown}
 u - a scroll of immolation {unknown}
Potions
 e - a potion of agility {unknown}
 j - 2 potions of ambrosia {unknown}
 q - 2 potions of curing {unknown}
 r - a potion of lignification {unknown}
 t - a potion of heal wounds {unknown}
Comestibles
 c - 3 rations
 v - a chunk of flesh


   Skills:
 + Level 3.7 Fighting
 * Level 5.1 Short Blades
 - Level 1.5 Armour
 + Level 3.1 Dodging


You had 2 spell levels left.
You didn't know any spells.
Your spell library was empty.

Dungeon Overview and Level Annotations

Branches:
Dungeon (3/15)

Altars:
The Shining One


Innate Abilities, Weirdness & Mutations

You are small and have problems with some larger weapons.
You are carnivorous and can eat meat at any time.


Message History

You climb upwards.
There is a stone staircase leading down, spattered with blood here.
Items here: )) ÷ † a +0 short sword; a +0 dagger; an orc skeleton; a kobold corpse You barely miss the orc priest.
The orc priest misses you.
You hit the orc priest.
The orc priest is moderately wounded.
You hit the orc priest.
The orc priest is severely wounded.
The orc priest barely misses you.
You hit the orc priest.
The orc priest is almost dead.
The orc priest calls down the wrath of Beogh upon you.
Pain shoots through your body!
You hit the orc priest but do no damage.
The orc priest is almost dead.
The orc priest calls down the wrath of Beogh upon you.
Beogh smites you!
Ouch! That really hurt!
You die...

#...##....≈≈....# ####.#
#...#..#..P.....# #...
#.)...##'.......# #####..#
#....##_##..⌠...# #.......
##########...###......####.###...
..............#..................
##########.##....#..####.#.##....
#.##...o........#.##.##.
#.##.##@#.#####.........
#.##.##.#.#####.##.#....
#.......#.##..........#.
######.##)##.##.##.##...
#.##.......##.....#
#.##...[...######.# #.##.......#
#.# #.##.......######÷#
#.##.......#.......


You could see an orc priest.

Vanquished Creatures
  An adder (D:2)
  A worm (D:2)
  A dart slug (D:1)
  A leopard gecko (D:1)
  2 orcs (D:2)
  3 bats
  A hobgoblin (D:2)
  A quokka (D:2)
  8 goblins
  4 kobolds
  6 rats
29 creatures vanquished.

Notes
Turn   | Place    | Note
-------+----------+-------------------------------------------
     0 | D:1      | nightchill the Kobold Berserker began the quest for the
                  | Orb.
     0 | D:1      | Reached XP level 1. HP: 14/14 MP: 1/1
   222 | D:1      | Reached XP level 2. HP: 19/19 MP: 2/2
  1033 | D:2      | Found a glowing golden altar of the Shining One.
  1164 | D:2      | Reached XP level 3. HP: 23/23 MP: 3/3
  1466 | D:2      | Reached skill level 5 in Short Blades
  2066 | D:2      | Killed from afar by an orc priest

Levels and vault maps discovered:
D:1:      dpeg_arrival_tiny_a, layout_basic
D:2:      layout_loops_cross, tso_oasis_becter, first_ration,
          ebering_dispersal_statue_hall
D:3:      layout_rooms, okawaru_metal_pillars_1_2

Skill      XL: |  1  2  3 |
---------------+----------+-----
Dodging        | 3 |  3.1
Short Blades   | 5 |  5.1
Fighting       | |  3.7
Armour         | |  1.5

Action                   || total
-------------------------++-------
Melee: Short sword       ||    89
Invok: Berserk           ||     1
 Stab: Sleeping          ||     1
  Eat: Chunk             ||    13
Armor: Animal skin       ||     4
       Ring mail         ||     7
Dodge: Dodged            ||    53
